 Dungeon Crawl Stone Soup version 0.28-a0-773-g130ae17fe5 (webtiles) character file.

Game seed: 6251104440665034404

25 Essalna the Firebug (level 3, 0/19 HPs)
             Began as a Gargoyle Fire Elementalist on Nov 2, 2021.
             Slain by a ball python (1 damage)
             ... on level 2 of the Dungeon.
             The game lasted 00:03:00 (1577 turns).

Essalna the Firebug (Gargoyle Fire Elementalist)    Turns: 1577, Time: 00:03:00

Health: 0/19       AC:  6    Str: 11    XL:     3   Next: 4%
Magic:  1/6        EV:  8    Int: 16    God:
Gold:   49         SH:  0    Dex: 10    Spells: 5/6 levels left

rFire   . . .      SeeInvis .   (no weapon)
rCold   . . .      Faith    .   (no shield)
rNeg    + . .      Spirit   .   a - +0 robe
rPois   ∞          Reflect  .   (no helmet)
rElec   +          Harm     .   (no cloak)
rCorr   .          Rampage  .   f - +0 pair of gloves
Will    .....                   (no boots)
Stlth   ++........              (no amulet)
HPRegen 0.06/turn               (no ring)
MPRegen 0.10/turn               (no ring)

@: constricted
A: sickness immunity, AC +3, negative energy resistance 1, electricity
resistance, torment resistance 1, petrification resistance
a: no special abilities


You were on level 2 of the Dungeon.
You visited 1 branch of the dungeon, and saw 2 of its levels.

You collected 49 gold pieces.

Inventory:

Armour
 a - a +0 robe (worn)
 f - a +0 pair of gloves (worn)
Scrolls
 b - a scroll of enchant armour {unknown}
 c - 3 scrolls of identify {unknown}
 e - a scroll of magic mapping {unknown}


   Skills:
 - Level 1.5 Dodging
 - Level 2.1 Stealth
 + Level 2.4 Spellcasting
 + Level 2.0 Conjurations
 + Level 3.4 Fire Magic


You had 5 spell levels left.
You knew the following spells:

 Your Spells              Type           Power      Damage    Failure   Level
a - Foxfire               Conj/Fire      40%        2x1d6     7%          1

Your spell library contained the following spells:

 Spells                   Type           Power      Damage    Failure   Level
 Scorch                   Fire           24%        2d6       8%          2
 Conjure Flame            Conj/Fire      10%        6-21      21%         3
 Passwall                 Tmut/Erth      0%         N/A       30%         2
 Inner Flame              Hex/Fire       7%         N/A       30%         3
 Swiftness                Air            1%         N/A       52%         3
 Flame Wave               Conj/Fire      10%        3d4       54%         4
 Cause Fear               Hex            0%         N/A       89%         4
 Invisibility             Hex            0%         N/A       100%        6
 Discord                  Hex            0%         N/A       100%        8


Dungeon Overview and Level Annotations

Branches:
Dungeon (2/15)

Altars:
Makhleb

Shops:
D:1 (

Annotations:
D:2 Sigmund


Innate Abilities, Weirdness & Mutations

You are immune to sickness and miasma.
Your stone body is resilient. (AC +3)
You are immune to poison.
You resist negative energy. (rN+)
You are resistant to electric shocks. (rElec)
You are resistant to unholy torment.
You are immune to petrification.


Message History

Confirm with . or Enter, or press ? or * to list all spells.
You conjure some foxfire!
The foxfire hits Sigmund.
Sigmund is heavily wounded.
The foxfire hits Sigmund.
Sigmund is heavily wounded.
Casting: Foxfire (safe; 7% risk of failure)
Confirm with . or Enter, or press ? or * to list all spells.
You conjure some foxfire!
The foxfire hits Sigmund but does no damage.
Sigmund is heavily wounded.
You aren't carrying any items that you can evoke.
It was a potion of heal wounds.
You feel much better.
The foxfire hits Sigmund.
Sigmund is severely wounded.
The foxfire hits Sigmund.
Sigmund is severely wounded.
The foxfire hits Sigmund.
Sigmund is almost dead.
Sigmund gestures at you while chanting. The puff of flame hits you!
The rat twitches its whiskers.
Sigmund points at you and mumbles some strange words.
You are confused.
Your magical contamination has completely faded away.
Sigmund barely misses you.
You're too confused to move!
The ball python bites you. The ball python barely misses you.
Sigmund casts a spell.
Sigmund flickers and vanishes!
Deactivating autopickup; reactivate with Ctrl-A.
The ball python completely misses you. The ball python grabs you.
The ball python constricts you.
You're too confused to move!
The rat bites you but does no damage.
The ball python bites you but does no damage.
The ball python constricts you.
You bump into the rock wall.
You feel less confused. The rat bites you. Something hits you!
* * * LOW HITPOINT WARNING * * *
The ball python bites you.
You die...

# # ### ### #.. .#.
#.# .S# #.# ####..#
#.#########....§S
####.#......##..<..#
#..@S...# #....§..
#.##r#..### #.....§#
#.##......# #......#
#.####..#........#.#
#.####..###.#.#.....
#.)<........#.......
###############.._..


You could see a ball python and a rat.

Vanquished Creatures
  An endoplasm (D:1)
  3 giant cockroaches (D:1)
  2 goblins (D:1)
  3 hobgoblins (D:1)
  3 quokkas (D:1)
  3 ball pythons (D:1)
  4 bats
  2 frilled lizards
  A kobold (D:2)
  3 rats (D:1)
25 creatures vanquished.

Vanquished Creatures (others)
  98 foxfires
98 creatures vanquished.

Grand Total: 123 creatures vanquished

Notes
Turn   | Place    | Note
-------+----------+-------------------------------------------
     0 | D:1      | Essalna the Gargoyle Fire Elementalist began the quest for
                  | the Orb.
     0 | D:1      | Reached XP level 1. HP: 10/10 MP: 3/3
   385 | D:1      | Found a faded altar of an unknown god.
   401 | D:1      | Reached XP level 2. HP: 15/15 MP: 0/5
   609 | D:1      | Found Quonlyok's Antique Weapon Shop.
  1342 | D:2      | Noticed Sigmund
  1342 | D:2      | Found a burning altar of Makhleb.
  1345 | D:2      | Reached XP level 3. HP: 7/19 MP: 3/6
  1577 | D:2      | Slain by a ball python

Illustrated notes

Levels and vault maps discovered:
D:1:      nicolae_arrival_washed_ashore, layout_rooms,
          ebering_ecumenical_altar_box, serial_shops, shop, corexii_corridor_pit
D:2:      layout_loops_cross, basic_altar, uniq_sigmund

Skill      XL: |  1  2 |
---------------+-------+-----
Conjurations   | 2 |  2.0
Dodging        | |  1.5
Stealth        | |  2.1
Spellcasting   | |  2.4
Fire Magic     | |  3.4

Action                   || total
-------------------------++-------
Melee: Unarmed           ||    28
 Cast: Foxfire           ||    62
  Use: Potion            ||     1
Armor: Robe              ||    10
Dodge: Dodged            ||    26

Table legend: (Time is in decaauts)
 A = Elapsed time spent in this place.
 B = Non-inter-level travel time spent in this place.
 C = Inter-level travel time spent in this place.
 D = Time resting spent in this place.
 E = Time spent auto-exploring this place.
 F = Levels seen in this place.
 G = Mean time per level.
                   A        B        C        D        E       F      G
               +--------+--------+--------+--------+--------+-----+--------+
         Total |   1578 |   1517 |     61 |    141 |   1166 |   2 |  789.0 |
       Dungeon |   1578 |   1517 |     61 |    141 |   1166 |   2 |  789.0 |
               +--------+--------+--------+--------+--------+-----+--------+

Top non-repeatable levels by time:
     D:1: 1525 daAuts
     D:2: 53 daAuts
